 Dungeon Crawl Stone Soup version 0.31.0-12-g77e489cdc1 (webtiles) character file.

Game seed: 7409624923891516870

200 Silvore the Covered (level 5, 0/47 HPs)
             Began as a Minotaur Fighter on Feb 17, 2024.
             Frozen to death by an endoplasm (2 damage)
             ... on level 3 of the Dungeon.
             The game lasted 00:02:26 (2150 turns).

Silvore the Covered (Minotaur Fighter)              Turns: 2150, Time: 00:02:27

Health: 0/47       AC:  7    Str: 29    XL:     5   Next: 48%
Magic:  4/4        EV: 10    Int:  5    God:
Gold:   154        SH:  5    Dex:  9    Spells: 4/4 levels left

rFire   . . .        a - +0 long sword
rCold   . . .        c - +1 buckler
rNeg    . . .        b - +0 scale mail
rPois   .            (helmet restricted)
rElec   .            (no cloak)
rCorr   .            (no gloves)
SInv    .            (no boots)
Will    +....        (no amulet) Stlth
                     f - +6 ring of strength
HPRegen 0.27/turn    l - ring of willpower
MPRegen 0.09/turn

%: no passive effects
@: no status effects
A: horns 2, retaliatory headbutt
a: no special abilities


You were on level 3 of the Dungeon.
You visited 1 branch of the dungeon, and saw 3 of its levels.

You collected 154 gold pieces.

Inventory:

Hand Weapons
 a - a +0 long sword (weapon)
Armour
 b - a +0 scale mail (worn)
 c - a +1 buckler (worn)
Jewellery
 f - a +6 ring of strength (left hand)
 i - a ring of protection from cold
 l - a ring of willpower (right hand)
Wands
 h - a wand of flame (30)
Scrolls
 e - a scroll of enchant armour
 g - a scroll of blinking
 k - a scroll of identify
 n - 2 scrolls of fog {unknown}
 o - 2 scrolls of poison {unknown}
 p - a scroll of vulnerability
 q - a scroll of fear
Potions
 d - 2 potions of might
 j - a potion of haste
 m - a potion of attraction
 r - a potion of curing {unknown}


   Skills:
 + Level 4.8 Fighting
 + Level 3.8 Long Blades
 + Level 5.1 Armour
 + Level 0.8 Dodging
 + Level 0.5 Stealth
 + Level 4.5 Shields


You had 4 spell levels left.
You didn't know any spells.
Your spell library contained the following spells:

 Spells                   Type           Power      Damage    Failure   Level
 Necrotise                Necr           0%         1d4       77%         1
 Call Imp                 Summ           0%         N/A       88%         2
 Sublimation of Blood     Necr           0%         N/A       88%         2
 Vampiric Draining        Necr           0%         2d6       98%         3
 Martyr's Knell           Necr/Summ      0%         N/A       100%        4
 Curse of Agony           Necr           0%         N/A       100%        5
 Summon Hydra             Summ           0%         N/A       100%        7


Dungeon Overview and Level Annotations

Branches:
Dungeon (3/15)

Altars:
Cheibriados
Fedhas
Hepliaklqana
Kikubaaqudgha
Ru


Innate Abilities, Weirdness & Mutations

You have a pair of horns on your head.
You reflexively headbutt those who attack you in melee.


Message History

You are frozen.
* * * LOW HITPOINT WARNING * * *
The endoplasm hits you but does no damage.
There is an open door here.
Unknown command.
The endoplasm attacks as it pursues you!
The endoplasm barely misses you.
The endoplasm attacks as it pursues you!
The endoplasm hits you.
* * * LOW HITPOINT WARNING * * *
The endoplasm attacks as it pursues you!
The endoplasm hits you.
* * * LOW HITPOINT WARNING * * *
You completely miss the endoplasm. You headbutt the endoplasm.
You kill the endoplasm!
The endoplasm hits you but does no damage.
You hit the endoplasm. Your headbutt misses the endoplasm.
The endoplasm is lightly wounded.
The endoplasm freezes you.
You are frozen.
* * * LOW HITPOINT WARNING * * *
You hit the endoplasm.
The endoplasm is moderately wounded.
The endoplasm freezes you.
You are frozen.
* * * LOW HITPOINT WARNING * * *
The endoplasm freezes you.
You are frozen.
* * * LOW HITPOINT WARNING * * *
You slash the endoplasm!
You kill the endoplasm!
The endoplasm hits you but does no damage.
Unknown command.
You slash the endoplasm!
You kill the endoplasm!
You hit the endoplasm.
The endoplasm is severely wounded.
The endoplasm freezes you.
You are frozen.
You die...

..###............................
.................................
....#..####.######...............
...#........# #########.......
..##...###### #########())..).
......############.....÷##...)...
......###.[....##J....PP##..##)..
##.#..##.......#J#..÷...##...#...
....)))........#@#___.P.##...#...
##.#..'........#.#....÷.##....#.#
...#..'......#'#)#..___P##.......
####..##.....#.#.#.....÷##..##...
#.####....#.#.#......##.......
####.# #######.##.....?##..###..
...... ### #.####.. ......
########..(.... .....
...............


You could see 2 endoplasms.

Vanquished Creatures
  An orc priest (D:3)
  A jelly (D:3)
  3 gnolls (D:3)
  5 adders
  2 ribbon worms (D:2)
  A dart slug (D:1)
  4 orcs (D:3)
  2 bats
  8 endoplasms
  A giant cockroach (D:3)
  3 goblins
  A hobgoblin (D:1)
  2 jackals (D:1)
  17 kobolds
  2 quokkas (D:1)
  5 ball pythons
  5 frilled lizards
  3 rats
66 creatures vanquished.

Notes
Turn   | Place    | Note
-------+----------+-------------------------------------------
     0 | D:1      | Silvore the Minotaur Fighter began the quest for the Orb.
     0 | D:1      | Reached XP level 1. HP: 19/19 MP: 0/0
    79 | D:1      | Reached XP level 2. HP: 16/27 MP: 1/1
   517 | D:2      | Reached skill level 4 in Armour
   546 | D:2      | Found a faded altar of an unknown god.
   549 | D:2      | Reached XP level 3. HP: 33/33 MP: 2/2
  1261 | D:2      | Reached XP level 4. HP: 39/40 MP: 3/3
  1447 | D:3      | Found a blossoming altar of Fedhas.
  1790 | D:3      | Reached skill level 5 in Armour
  1790 | D:3      | Reached XP level 5. HP: 32/47 MP: 4/4
  2132 | D:3      | Found an ancient bone altar of Kikubaaqudgha.
  2132 | D:3      | Found a sacrificial altar of Ru.
  2132 | D:3      | Found a hazy altar of Hepliaklqana.
  2132 | D:3      | Found a hazy altar of Hepliaklqana.
  2132 | D:3      | Found an ancient bone altar of Kikubaaqudgha.
  2132 | D:3      | Found a snail-covered altar of Cheibriados.
  2147 | D:3      | HP: 2/47 [frozen (5)]
  2150 | D:3      | Frozen to death by an endoplasm

Illustrated notes

Levels and vault maps discovered:
D:1:      giann_horns, layout_rooms
D:2:      layout_loops_ring, basic_ecumenical_altar, lexackson_kobold_supper
D:3:      cheibrodos_fertilizer, layout_basic, mainiacjoe_overflow_chevrons,
          minmay_misc_feat_chi

Skill      XL: |  1  2  3  4 |
---------------+-------------+-----
Fighting       | 4 |  4.8
Shields        | 4 |  4.5
Armour         | 4 5 |  5.1
Long Blades    | 3 |  3.8
Dodging        | |  0.8
Stealth        | |  0.5

Action                     |  1- 3 |  4- 6 || total
---------------------------+-------+-------++-------
  Melee: Long sword        |    90 |    62 ||   152
         Headbutt          |    10 |     9 ||    19
    Use: Scroll            |     4 |     3 ||     7
 Armour: Scale mail        |    60 |    58 ||   118
  Dodge: Dodged            |    45 |    39 ||    84
  Block: Buckler           |    31 |    22 ||    53
